 Dungeon Crawl Stone Soup version 0.19-a0-1127-gac58878 (webtiles) character file.

87937 4thArraOfDagon the Severer (level 15, -7/92 HPs)
             Began as a Gargoyle Berserker on Aug 12, 2016.
             Was an Elder of Trog.
             Mangled by an emperor scorpion (14 damage)
             ... on level 4 of the Spider Nest.
             The game lasted 00:44:25 (5581 turns).

4thArraOfDagon the Severer (Gargoyle Berserker)     Turns: 5581, Time: 00:44:26

Health: -7/92      AC: 49    Str: 26    XL:     15   Next: 48%
Magic:  15/15      EV: 12    Int:  7    God:    Trog [****..]
Gold:   375        SH:  0    Dex: 17    Spells: 0 memorised, 14 levels left

rFire  . . .     SeeInvis .     A - +6 battleaxe (elec)
rCold  + + +     Gourm    .     v - +9 armour of the Dragon King {rPois rF+ rC+ MR+}
rNeg   + . .     Faith    .     (shield currently unavailable)
rPois  ∞         Spirit   .     (helmet restricted)
rElec  +         Dismiss  .     q - +2 cloak {rPois}
rCorr  .         Reflect  .     k - +2 pair of gloves
SustAt .         Harm     .     (no boots)
MR     ++++.                    (no amulet)
Stlth  ..........               V - ring of ice
                                N - +3 ring of dexterity

@: agile, exhausted, starving, regenerating, slowed, very slow
A: big wings, horns 1, icy blue scales 1, cold resistance 1, dopey 1, mutation
resistance 1, negative energy resistance 1, screaming 1, electricity resistance,
slow regeneration 1, unbreathing, petrification resistance, rot immunity,
subdued magic 1, AC +11
a: Fly, Berserk, Trog's Hand, Brothers in Arms, Burn Spellbooks, Renounce
Religion
}: 1/15 runes: barnacled


You were on level 4 of the Spider Nest.
You worshipped Trog.
Trog was greatly pleased with you.
You were starving.

You visited 4 branches of the dungeon, and saw 25 of its levels.
You also visited: Ice Cave.

You collected 375 gold pieces.

Inventory:

Hand Weapons
 a - a +0 hand axe
 n - a +4 battleaxe
 t - a +0 war axe
 A - a +6 battleaxe of electrocution (weapon)
Armour
 b - a +0 animal skin
 i - a +0 chain mail
 j - a +0 helmet
 k - a +2 pair of gloves (worn)
 q - a +2 cloak of poison resistance (worn)
 r - a +0 cloak
 v - the +9 armour of the Dragon King (worn) {rPois rF+ rC+ MR+}
   (You found it on level 4 of the Dungeon)

   It protects you from fire.
   It protects you from cold.
   It protects you from poison.
   It affects your resistance to hostile enchantments.
Jewellery
 N - a +3 ring of dexterity (left hand)
 V - a ring of ice (right hand)
Wands
 m - a wand of digging (17/24)
 y - a wand of polymorph (0/24)
 z - a wand of flame (0/48)
 B - a wand of heal wounds (2/9)
 E - a wand of digging (7/24)
 G - a wand of iceblast (8/15)
 I - a wand of confusion (0/48)
 S - a wand of enslavement (9/24)
Scrolls
 p - 2 scrolls of remove curse
 u - 2 scrolls of amnesia
 Q - a scroll of noise
 U - a scroll of acquirement {unknown}
Potions
 d - a potion of magic
 h - 2 potions of berserk rage
 l - a potion of degeneration
 x - 2 potions of curing
 C - a potion of invisibility {unknown}
 D - 2 potions of haste {unknown}
 F - 2 potions of cancellation {unknown}
 J - a potion of flight
 K - 3 potions of ambrosia
 O - a potion of might
 P - a potion of lignification {unknown}
Books
 s - a book of Burglary

   Spells                             Type                      Level
   a - Swiftness                      Charms/Air                   2
   b - Passwall                       Transmutation/Earth          2
   c - Passage of Golubria            Translocation                4
   d - Lee's Rapid Deconstruction     Earth                        5
   e - Darkness                       Hexes                        6
   f - Invisibility                   Hexes                        6
   Trog disapproves of the use of such an item.
 L - a book of the Warp

   Spells                             Type                      Level
   a - Recall                         Summoning/Translocation      3
   b - Gell's Gravitas                Hexes/Translocation          3
   c - Force Lance                    Conjuration/Translocation    4
   d - Warp Weapon                    Charms/Translocation         5
   e - Summon Forest                  Summoning/Translocation      5
   Trog disapproves of the use of such an item.
 M - a book of Spatial Translocations

   Spells                             Type                      Level
   a - Apportation                    Translocation                1
   b - Blink                          Translocation                2
   c - Shroud of Golubria             Charms/Translocation         2
   d - Portal Projectile              Translocation                3
   e - Teleport Other                 Translocation                3
   f - Passage of Golubria            Translocation                4
   Trog disapproves of the use of such an item.
Comestibles
 c - 9 bread rations
 f - 3 chunks of flesh
 g - 3 meat rations


   Skills:
 - Level 10.0 Fighting
 * Level 18.3 Axes
 + Level 15.5 Armour
 - Level 1.5 Dodging


You had 14 spell levels left.
You didn't know any spells.

Dungeon Overview and Level Annotations

Branches:
Dungeon (11/15)            Temple (0/1) D:5            Lair (6/6) D:10
 Shoals (4/4) Lair:3       Spider (4/4) Lair:3        Slime (0/5) Lair:5
    Orc: D:9-12

Altars:
Pakellas

Shops:
D:7 }

Annotations:
D:10 4thArraOfDagon's ghost, novice GrBe
Lair:4 exclusion: oklob plant
Lair:5 exclusion: upstairs


Innate Abilities, Weirdness & Mutations

You are resistant to torment.
Your stone body is resilient. (AC +11)
You are immune to poison.
Your large and strong wings let you fly indefinitely.
You resist negative energy. (rN+)
You are resistant to electric shocks. (rElec)
You can survive without breathing.
You are immune to petrification.
You are immune to rotting.
You have a pair of small horns on your head.
You are partially covered in icy blue scales. (AC +2)
Your flesh is cold resistant. (rC+)
You are dopey. (Int -2)
You are somewhat resistant to further mutation.
You occasionally shout uncontrollably at your foes.
You regenerate slowly when monsters are visible.
Your spells are a little easier to cast, but a little less powerful.


Message History

The emperor scorpion stings something but does no damage.
The emperor scorpion barely misses something.
The emperor scorpion claws something but does no damage.
The emperor scorpion stings you but does no damage.
The emperor scorpion claws you but does no damage. x2
Unknown command.
Unknown command.
Okay, then.
Unknown command.
Charge which item? (? for menu, Esc to quit)
As you read the scroll of recharging, it crumbles to dust.
Your wand of heal wounds (0/9) glows for a moment and now has 2 charges.
The emperor scorpion closely misses you.
The emperor scorpion claws you!
* * * LOW HITPOINT WARNING * * *
The emperor scorpion barely misses you.
The emperor scorpion stings something!
The emperor scorpion claws something.
The emperor scorpion closely misses something.
The emperor scorpion barely misses you. The emperor scorpion claws you!
You die...

,,,,*,,,,,,,**
#.≈#,,,#≈.≈#**,,,*
,,,,*,,,*,,**
##.##,≈,#≈..≈#**,**
,,,,*,,,*,,,* #..#,,≈,##...#
***,
,,,,*,*,*,,,*##..#,≈≈,,#..##
***
,,,,*,***,*,*#≈.##,≈≈,≈#..#
**,, ,,,,*,*
*****#..#≈,≈≈,,#..# *,,,
,,,,*,* #.†#,,≈,≈,*,,** ***,
,,,,*,* #$†##,≈,≈,*,,,* *,
,,,,*,* #≈.@#,≈≈≈,*,,,* **
*****,* ##.†ss≈≈.#*,,** *
,,,,,,* #.......#,,,*
******* ##......#,,,*
#.≈≈...#,≈,* #...#.##,≈,*
##..#.#,,≈,* *#.#*#,,,,*
*,,,,,,,,*


You could see 2 emperor scorpions.

Vanquished Creatures
  Arachne (Spider:4)
  An Ice Fiend (IceCv)
  Ilsuiw (Shoals:3)
  4 emperor scorpions (Spider:4)
  5 merfolk javelineers (Shoals:4)
  5 merfolk impalers
  An alligator snapping turtle (Shoals:4)
  A hydra (Lair:6)
  2 merfolk aquamancers
  A satyr (Shoals:4)
  7 sea snakes
  12 harpies
  10 wolf spiders
  3 fauns (Shoals:4)
  5 orb spiders
  2 hornets
  7 manticores
  2 cyclopes (Shoals:4)
  A moth of wrath (Spider:4)
  3 griffons
  A centaur zombie (D:10)
  2 water nymphs (Shoals:4)
  A guardian serpent (Lair:6)
  An ice statue (IceCv)
  4 sirens
  2 black mambas (Lair:6)
  6 spiny frogs
  A rime drake (Lair:4)
  A demonic crawler (Spider:4)
  4 komodo dragons
  3 freezing wraiths (Shoals:3)
  14 merfolk
  5 ice devils (IceCv)
  11 jumping spiders
  A wind drake (Shoals:4)
  7 blink frogs
  5 snapping turtles
  A slime creature (Lair:5)
  33 redbacks
  2 wyverns (Lair:6)
  9 yaks
  7 tarantellas
  5 water elementals
  4 hippogriffs
  15 water moccasins
  3 porcupines
  A swamp drake (Lair:5)
  An orc warrior (D:6)
  3 wasps (Lair:6)
  4 centaurs (Lair:3)
  A phantom (D:11)
  8 wolves
  An ogre (D:8)
  4 crocodiles
  12 giant frogs
  A gnoll sergeant (D:6)
  A scorpion (D:7)
  2 wights (D:11)
  2 crimson imps (D:7)
  A quasit (D:5)
  2 hounds
  A giant frog skeleton (D:6)
  4 orc priests
  2 jellies (Lair:5)
  3 orc wizards
  4 iguanas
  6 worker ants
  7 hell rats (Lair:4)
  17 sheep
  A hound skeleton (D:3)
  Robin (D:2)
  7 gnolls
  8 adders
  42 river rats
  2 shadow imps (D:7)
  An ooze (D:2)
  3 worms
  A dart slug (D:2)
  4 giant geckos
  5 orcs
  4 giant cockroaches
  11 goblins
  4 hobgoblins
  2 jackals (D:2)
  A quokka (D:5)
  2 bats
  5 giant newts
  3 kobolds
  A quokka skeleton (D:5)
  A quokka zombie (D:5)
  3 rats
  A fungus (Lair:3)
  2 plants (Shoals:4)
425 creatures vanquished.

Vanquished Creatures (collateral kills)
  A merfolk avatar (Shoals:4)
  A moth of wrath (Spider:4)
2 creatures vanquished.

Vanquished Creatures (others)
  8 fungi (Lair:6)
  8 plants (Lair:6)
16 creatures vanquished.

Grand Total: 443 creatures vanquished

Notes
Turn   | Place    | Note
-------+----------+-------------------------------------------
     0 | D:1      | 4thArraOfDagon the Gargoyle Berserker began the quest for the Orb.
     0 | D:1      | Reached XP level 1. HP: 14/14 MP: 1/1
   146 | D:2      | Reached XP level 2. HP: 4/19 MP: 2/2
   182 | D:2      | Noticed Robin
   225 | D:2      | Reached skill level 3 in Axes
   227 | D:2      | Killed Robin
   227 | D:2      | Reached ** piety under Trog
   227 | D:2      | Reached XP level 3. HP: 15/23 MP: 3/3
   420 | D:3      | Reached XP level 4. HP: 29/29 MP: 4/4
   566 | D:3      | Reached skill level 4 in Axes
   567 | D:3      | Reached XP level 5. HP: 33/33 MP: 5/5
   620 | D:5      | Entered Level 5 of the Dungeon
   686 | D:5      | Reached XP level 6. HP: 39/39 MP: 6/6
   747 | D:6      | Noticed a sky beast
   758 | D:5      | Found a staircase to the Ecumenical Temple.
   783 | D:4      | Reached *** piety under Trog
   805 | D:4      | 4thArraOfDagon: :D
   876 | D:6      | Joat: what a find in only D4
  1007 | D:7      | Reached skill level 5 in Axes
  1061 | D:6      | Noticed an orc warrior
  1066 | D:6      | Reached XP level 7. HP: 44/44 MP: 7/7
  1075 | D:6      | Reached skill level 5 in Fighting
  1130 | D:5      | Turgon: ??quasit
  1132 | D:5      | beem: quasit[1/1]: A weakish demon which moves very quickly, has high evasion, and resists all elements except lightning. Drains dexterity in melee, but does little damage and can be killed easily enough despite the resists. Also rather low MR. Doesn't fly.
  1216 | D:7      | Reached skill level 5 in Armour
  1219 | D:7      | Reached skill level 6 in Axes
  1229 | D:7      | Turgon: ??invisible
  1231 | D:7      | beem: invisibility[1/5]: If you are invisible, monsters won't shoot ranged attacks at you unless they can see you, or can guess where you are. Monsters get a random fuzz to their aiming point, which might be inaccurate in the first place.
  1231 | D:7      | Reached XP level 8. HP: 45/51 MP: 8/8
  1279 | D:8      | Gained mutation: You expend magic power (3 MP) to strengthen your wands. [potion of mutation]
  1279 | D:8      | Gained mutation: You are dopey. (Int -2) [potion of mutation]
  1280 | D:8      | Gained mutation: You are partially covered in icy blue scales. (AC +2) [potion of mutation]
  1280 | D:8      | Gained mutation: Your flesh is cold resistant. (rC+) [potion of mutation]
  1280 | D:8      | Gained mutation: You occasionally shout uncontrollably at your foes. [potion of mutation]
  1334 | D:7      | Found an oddly glowing altar of Pakellas.
  1334 | D:7      | Found Pakellas's Prime Provisions.
  1359 | D:10     | Entered Level 10 of the Dungeon
  1493 | D:10     | Reached skill level 7 in Axes
  1530 | D:10     | Found a staircase to the Lair.
  1531 | D:10     | Turgon: early wand hw!
  1532 | D:10     | Noticed 4thArraOfDagon's ghost (novice GrBe)
  1535 | D:11     | Turgon: lol
  1537 | D:11     | Turgon: your ghost
  1614 | D:11     | Joat: I have died to my own ghosts so many times it's embarassing
  1625 | D:10     | Turgon: :-)
  1641 | D:11     | Turgon: Remember you need not fight everything
  1653 | D:10     | timbw: I have died to worms
  1669 | D:10     | timbw: 44 times
  1672 | D:10     | timbw: iirc
  1701 | D:10     | Turgon: Don't fight them if you are not strong enough
  1723 | Lair:1   | Entered Level 1 of the Lair of Beasts
  1724 | Lair:1   | timbw: if the char cant beat a worm it doesnt deserve to live
  1740 | Lair:1   | Turgon: some chars start weak
  1744 | Lair:1   | Reached XP level 9. HP: 36/57 MP: 9/9
  1750 | Lair:1   | Turgon: and they can run away
  1757 | Lair:1   | timbw: WEAK RNG
  1759 | Lair:1   | Noticed a spiny frog
  1766 | Lair:1   | Killed a spiny frog
  1766 | Lair:1   | Reached skill level 8 in Axes
  1805 | Lair:1   | Turgon: I started *a lot* octopodes which are quite weak in early game
  1812 | Lair:1   | Noticed a komodo dragon
  1823 | Lair:1   | Noticed a spiny frog
  1823 | Lair:1   | Killed a komodo dragon
  1824 | Lair:1   | Reached **** piety under Trog
  1838 | Lair:1   | Killed a spiny frog
  1893 | Lair:1   | Reached skill level 9 in Axes
  1947 | Lair:2   | Reached XP level 10. HP: 40/64 MP: 10/10
  2016 | Lair:2   | Reached skill level 10 in Axes
  2030 | Lair:3   | Noticed a spiny frog
  2042 | Lair:3   | Killed a spiny frog
  2058 | Lair:3   | Found a hole to the Spider Nest.
  2104 | Lair:4   | Noticed a griffon
  2127 | Lair:4   | Killed a griffon
  2181 | Lair:4   | Noticed an oklob plant
  2206 | Lair:4   | Gained mutation: Your spells are a little easier to cast, but a little less powerful. [potion of mutation]
  2206 | Lair:4   | Gained mutation: You regenerate slowly when monsters are visible. [potion of mutation]
  2231 | Lair:4   | Turgon: 4thArra, I wonder if shoutitis is a good mut for speedrunners
  2234 | Lair:4   | Noticed a spiny frog
  2245 | Lair:4   | Killed a spiny frog
  2245 | Lair:4   | Reached XP level 11. HP: 72/72 MP: 11/11
  2257 | Lair:4   | Turgon: as enemies run after you
  2312 | Lair:4   | Reached skill level 11 in Axes
  2339 | Lair:4   | Noticed an eight-headed hydra
  2346 | Lair:5   | Found a staircase to the Slime Pits.
  2405 | Lair:5   | Reached ***** piety under Trog
  2441 | Lair:6   | Entered Level 6 of the Lair of Beasts
  2447 | Lair:6   | Noticed a four-headed hydra
  2461 | Lair:5   | Reached skill level 10 in Fighting
  2695 | Lair:6   | Noticed an eight-headed hydra
  2712 | Lair:6   | Received a gift from Trog
  2717 | Lair:6   | Killed a ten-headed hydra
  2717 | Lair:6   | Reached skill level 10 in Armour
  2781 | Lair:6   | Reached skill level 12 in Axes
  2836 | Lair:6   | Received a gift from Trog
  2885 | Lair:6   | Noticed a hornet
  2892 | Lair:6   | Reached XP level 12. HP: 48/77 MP: 12/12
  2904 | Lair:6   | Lost mutation: You expend magic power (3 MP) to strengthen your wands. [mutagenic meat]
  2907 | Lair:6   | Gained mutation: You are somewhat resistant to further mutation. [mutagenic meat]
  2910 | Lair:6   | Gained mutation: You have a pair of small horns on your head. [mutagenic meat]
  3008 | Lair:6   | Reached skill level 13 in Axes
  3229 | Lair:3   | Found a staircase to the Shoals.
  3243 | Lair:3   | 4thArraOfDagon: spider or shoals
  3243 | Lair:3   | 4thArraOfDagon: two worst branches
  3247 | Shoals:1 | Entered Level 1 of the Shoals
  3344 | Shoals:2 | Noticed a merfolk impaler
  3364 | Shoals:2 | Killed a merfolk impaler
  3364 | Shoals:2 | Reached skill level 14 in Axes
  3451 | Shoals:3 | Reached XP level 13. HP: 74/82 MP: 13/13
  3468 | Shoals:3 | Found a frozen archway.
  3492 | IceCv    | Entered an ice cave
  3599 | IceCv    | Noticed an Ice Fiend
  3615 | IceCv    | Killed an Ice Fiend
  3615 | IceCv    | Reached skill level 15 in Axes
  3788 | Shoals:4 | Entered Level 4 of the Shoals
  3842 | Shoals:4 | Noticed a merfolk javelineer
  3843 | Shoals:4 | Noticed Ilsuiw
  3936 | Shoals:3 | Killed Ilsuiw
  3958 | Shoals:4 | Killed a merfolk javelineer
  4099 | Shoals:4 | Noticed a merfolk impaler
  4128 | Shoals:4 | magipi: heloo
  4129 | Shoals:4 | Killed a merfolk impaler
  4199 | Shoals:4 | Reached skill level 16 in Axes
  4248 | Shoals:4 | Gained mutation: Your large and strong wings let you fly indefinitely. [Gargoyle growth]
  4248 | Shoals:4 | Reached XP level 14. HP: 82/88 MP: 14/14
  4261 | Shoals:4 | magipi: 2 percent and flight?
  4606 | Shoals:4 | Reached skill level 17 in Axes
  4666 | Shoals:4 | 4thArraOfDagon: what a bad lcuk
  4708 | Shoals:4 | Got a barnacled rune of Zot
  4782 | Shoals:2 | magipi: 2nd rune?
  4786 | Shoals:1 | 4thArraOfDagon: 1st!
  4786 | Shoals:1 | 4thArraOfDagon: on the last room
  4786 | Shoals:1 | magipi: brave
  4786 | Shoals:1 | 4thArraOfDagon: spent like 1k there
  4786 | Shoals:1 | 4thArraOfDagon: wtf
  4844 | Lair:3   | Sapher: yea, should have been much faster with that axe and armour...
  4868 | Spider:1 | Entered Level 1 of the Spider Nest
  5011 | Spider:4 | Entered Level 4 of the Spider Nest
  5047 | Spider:4 | Noticed Arachne
  5057 | Spider:4 | Noticed an emperor scorpion
  5073 | Spider:4 | Killed Arachne
  5133 | Spider:4 | Killed an emperor scorpion
  5133 | Spider:4 | Reached skill level 15 in Armour
  5133 | Spider:4 | Reached XP level 15. HP: 56/92 MP: 15/15
  5177 | Spider:4 | Sapher: so strange to see how they deal damage vs 49AC...
  5213 | Spider:4 | 4thArraOfDagon: yeah
  5213 | Spider:4 | 4thArraOfDagon: and gr extra gdr
  5246 | Spider:4 | 4thArraOfDagon: i should have been like 500 faster
  5246 | Spider:4 | 4thArraOfDagon: because stupid shoals
  5246 | Spider:4 | 4thArraOfDagon: rune on last room
  5246 | Spider:4 | 4thArraOfDagon: cleared all...
  5256 | Spider:4 | Noticed an emperor scorpion
  5260 | Spider:4 | Sapher: it was a bit mistake i think
  5317 | Spider:4 | Sapher: that ilsev or how is he called...i feel like he is near a rune often
  5337 | Spider:4 | Killed an emperor scorpion
  5337 | Spider:4 | Reached skill level 18 in Axes
  5343 | Spider:4 | Sapher: so i would check nearby rooms first
  5380 | Spider:2 | Sapher: but may be that is just my luck...
  5380 | Lair:3   | Sapher: that i meet him there
  5380 | Shoals:4 | timbw: that unique
  5380 | Shoals:4 | 4thArraOfDagon: it was here
  5380 | Shoals:4 | timbw: is the most difficult one to avoid imo
  5380 | Shoals:4 | Sapher: he was near that room
  5380 | Shoals:4 | timbw: you nearly always meet that guy
  5380 | Shoals:4 | timbw: harder to avoid than fucking panlords
  5386 | Spider:4 | Noticed an emperor scorpion
  5492 | Spider:4 | Killed an emperor scorpion
  5546 | Spider:4 | Noticed an emperor scorpion
  5557 | Spider:4 | Killed an emperor scorpion
  5558 | Spider:4 | Noticed an emperor scorpion
  5569 | Spider:4 | Noticed an emperor scorpion
  5577 | Spider:4 | HP: 3/92 [emperor scorpion (16)]
  5581 | Spider:4 | 4thArraOfDagon: how
  5581 | Spider:4 | Mangled by an emperor scorpion

Vault maps used:
D:1:      minmay_arrival_checkered_box
D:2:      first_bread, uniq_robin, uniq_iyjb, uniq_jessica,
          uniq_crazy_yiuf_cottage
D:3:      dk_noncrumbling_4
D:4:      nicolae_overflow_crystal_walls
D:6:      grunt_temple_overflow_open, minitemple, minmay_misc_feat_plants,
          minmay_misc_feat_five, glass_columns_b
D:7:      johnstein_pakellas_shop
D:8:      uniq_pikel, uniq_psyche
D:9:      zombieorc1_lemuel
D:10:     minmay_lair_entry_lava, trove_entry_hex_spiral
Lair:1:   infiniplex_staircase_pool
Lair:2:   minivault_26, serial_bayou_shore_b
Lair:3:   minmay_shoals_entry_centaurs, spider_nest_entry_rubble, basic_altar,
          eino_small_chamber_without_monster, st_stairs_6,
          nicolae_lair_grove_arrangements
Lair:4:   minmay_lair_oklob_chamber, grunt_megastairs_1
Lair:5:   minmay_slime_entry_pillars, pond, lemuel_fruit_tree
Lair:6:   hangedman_lair_tendril_chambers
Shoals:3: portal_ice_cave_entry_frozen_things
Shoals:4: shoals_end_simple, shoals_ilsuiw_ice
Spider:3: spider_trap, uniq_donald
Spider:4: grunt_spider_rune_circles, nicolae_looking_at_the_future, uniq_arachne
IceCv:    ice_cave_tombish

Skill      XL: |  1  2  3  4  5  6  7  8  9 10 11 12 13 14 15 |
---------------+----------------------------------------------+-----
Axes           | 3 4 5 6 7 9 10 12 14 16 17 18 | 18.3
Armour         | 3 4 5 6 7 9 10 12 13 15 | 15.5
Fighting       | 4 5 7 8 9 10 | 10.0
Dodging        | |  1.5

Action                   |  1- 3 |  4- 6 |  7- 9 | 10-12 | 13-15 || total
-------------------------+-------+-------+-------+-------+-------++-------
Melee: Hand axe          |    77 |    54 |       |       |       ||   131
       War axe           |       |    81 |   123 |       |       ||   204
       Battleaxe         |       |       |   101 |   383 |   553 ||  1037
       Headbutt          |       |       |       |    23 |   117 ||   140
Invok: Berserk           |     3 |     4 |     4 |     6 |     8 ||    25
       Trog's Hand       |     2 |     1 |     4 |    18 |    36 ||    61
       Burn Spellbooks   |       |       |       |     2 |       ||     2
       Brothers in Arms  |       |       |       |       |     3 ||     3
 Abil: Fly               |       |       |       |       |     1 ||     1
       Stop Flying       |       |       |       |       |     1 ||     1
Evoke: Wand              |       |       |     6 |       |    29 ||    35
       Phantom mirror    |       |       |       |       |     1 ||     1
  Use: Potion            |     1 |       |     2 |     1 |     2 ||     6
       Scroll            |       |       |    11 |    10 |    13 ||    34
 Stab: Confused          |       |       |       |     1 |     1 ||     2
       Distracted        |       |       |       |       |     2 ||     2
  Eat: Chunk             |     1 |     7 |     3 |    20 |    20 ||    51
       Meat ration       |       |       |     2 |       |     1 ||     3
       Beef jerky        |       |       |       |     1 |     1 ||     2
       Pizza             |       |       |       |       |     1 ||     1
       Fruit             |       |       |       |       |     2 ||     2
Armor: Animal skin       |    19 |       |       |       |       ||    19
       Chain mail        |    11 |    56 |       |       |       ||    67
       Gold dragon armou |       |   135 |   458 |   672 |   909 ||  2174
Dodge: Dodged            |    86 |    68 |   107 |   205 |   249 ||   715
